 Dungeon Crawl Stone Soup version 0.29-a0-490-g77b3608bb8 (webtiles) character file.

Game seed: 5317316021212244086

2146 happo123 the Sneak (level 9, -1/48 (52) HPs)
             Began as a Kobold Enchanter on May 26, 2022.
             Was an Initiate of Dithmenos.
             Slain by a wight
             ... wielding a +3 scimitar
              (9 damage)
             ... on level 6 of the Dungeon.
             The game lasted 00:21:33 (6068 turns).

happo123 the Sneak (Kobold Enchanter)               Turns: 6068, Time: 00:21:33

HP:   -1/48 (52)    AC:  4    Str:  6    XL:     9   Next: 56%
MP:   9/16          EV: 17    Int: 20    God:    Dithmenos [......]
Gold: 233           SH:  0    Dex: 15    Spells: 2/17 levels left

rFire   + . .      SeeInvis +   x - +0 short sword (venom)
rCold   + . .      Faith    .   (no shield)
rNeg    + . .      Spirit   .   D - +2 robe {rN+}
rPois   .          Reflect  .   (no helmet)
rElec   .          Harm     .   v - scarf {rC+ rF+}
rCorr   .          Rampage  .   (no gloves)
Will    .....                   (no boots)
Stlth   +++++.....              (no amulet)
HPRegen 0.16/turn               k - ring of wizardry
MPRegen 0.15/turn               q - ring of see invisible

@: confusing by touch, drained
A: small, no large weapons, nightstalker 3
a: Renounce Religion


You were on level 6 of the Dungeon.
You worshipped Dithmenos.
Dithmenos was noncommittal.
You visited 2 branches of the dungeon, and saw 7 of its levels.

You collected 233 gold pieces.

Inventory:

Hand Weapons
 x - a +0 short sword of venom (weapon)
Armour
 v - a scarf of resistance (worn)
 y - a +0 buckler
 D - a +2 robe of positive energy (worn)
Magical Staves
 w - a staff of fire
Jewellery
 k - a ring of wizardry (left hand)
 q - a ring of see invisible (right hand)
Wands
 t - a wand of paralysis (5)
 u - a wand of flame (50)
Scrolls
 f - 3 scrolls of magic mapping {unknown}
 g - a scroll of blinking {unknown}
 i - 5 scrolls of identify {unknown}
 j - a scroll of noise {unknown}
 l - 2 scrolls of poison {unknown}
 o - 5 scrolls of teleportation {unknown}
 p - a scroll of amnesia {unknown}
 z - a scroll of enchant weapon {unknown}
Potions
 c - 2 potions of invisibility
 d - 4 potions of heal wounds {unknown}
 e - 2 potions of haste {unknown}
 h - 4 potions of curing {unknown}
 m - 2 potions of flight {unknown}
 n - a potion of berserk rage {unknown}
 r - 4 potions of mutation {unknown}
 s - a potion of lignification {unknown}
 A - a potion of might
 B - a potion of brilliance {unknown}


   Skills:
 + Level 4.7 Fighting
 + Level 6.1 Short Blades
 + Level 5.7 Dodging
 + Level 7.6 Stealth
 + Level 4.8 Spellcasting
 * Level 7.2 Hexes


You had 2 spell levels left.
You knew the following spells:

 Your Spells              Type           Power      Damage    Failure   Level
a - Ensorcelled Hibernat  Hex/Ice        38%        N/A       1%          2
b - Tukima's Dance        Hex            33%        N/A       1%          3
c - Confusing Touch       Hex            33%        N/A       1%          3
d - Dazzling Flash        Conj/Hex       38%        N/A       3%          3
e - Leda's Liquefaction   Hex/Erth       9%         N/A       11%         4

Your spell library contained the following spells:

 Spells                   Type           Power      Damage    Failure   Level
 Portal Projectile        Hex/Tloc       38%        N/A       3%          3
 Fulminant Prism          Conj/Hex       9%         3d7       11%         4
 Call Canine Familiar     Summ           4%         N/A       14%         3
 Iskenderun's Mystic Bla  Conj/Tloc      4%         2d3       41%         4
 Lee's Rapid Deconstruct  Erth           2%         3d5*      75%         5


Dungeon Overview and Level Annotations

Branches:
Dungeon (6/15)             Temple (1/1) D:5

Altars:
Ashenzari
Cheibriados
Dithmenos
Elyvilon
Fedhas
Gozag
Hepliaklqana
Kikubaaqudgha
Makhleb
Okawaru
Qazlal
Ru
Sif Muna
Trog
Uskayaw
Vehumet
Wu Jian
Xom
Yredelemnul
Zin
The Shining One


Innate Abilities, Weirdness & Mutations

You are small and have problems with some larger weapons.
You are completely attuned to the shadows.


Message History

You start resting.
An ogre is nearby!
You start resting.
An ogre is nearby!
Aiming: Ensorcelled Hibernation (safe; 1% risk of failure)
Press: ? - help, Q - select action, (/) - cycle Shift-Dir - straight line, f - ogre
Aim: an ogre, wielding a +0 giant spiked club (wandering, hasn't noticed you, chance to affect: 51%)
The ogre shouts!
The ogre resists with some effort.
Aiming: Ensorcelled Hibernation (safe; 1% risk of failure)
Press: ? - help, Q - select action, (/) - cycle Shift-Dir - straight line, f/p - ogre
Aim: an ogre, wielding a +0 giant spiked club (chance to affect: 51%)
The ogre looks drowsy...
The helpless ogre fails to defend itself.
You impale the ogre!!
You kill the ogre!
Dithmenos accepts your kill.
Things that are here:
a +0 giant spiked club; an ogre corpse You start resting.
A wight is nearby!
Casting: Ensorcelled Hibernation (safe; 1% risk of failure)
Confirm with . or Enter, or press ? or * to list all spells.
Your hands begin to glow red.
A wight comes into view. It is wielding a +0 flail.
You barely miss the wight.
A wight comes into view. It is wielding a +3 scimitar.
The wight closely misses you.
You barely miss the wight. The wight hits you with a +2 dagger!
You partially resist.
You feel drained. The wight attacks as you move away!
The wight hits you with a +3 scimitar. You partially resist.
You feel drained. The wight hits you but does no damage.
The wight attacks as you move away! The wight completely misses you.
The wight attacks as you move away! The wight barely misses you.
The wight attacks as you move away! The wight hits you with a +3 scimitar!
* * * LOW HITPOINT WARNING * * *
You partially resist.
You feel drained.
* * * LOW HITPOINT WARNING * * *
The wight attacks as you move away! The wight hits you with a +3 scimitar!
You die...

.......
.....
###...#
......#
#>@.#
######.z.#
#..#...z.#
#..#.#.z.#
#....#...#
##.####.##
##..# #.#
#..)###.##
###......#


You could see 3 wights.

Vanquished Creatures
  Pikel (D:5)
  Prince Ribbit (D:5)
  Edmund (D:5)
  A water moccasin (D:6)
  A black bear (D:5)
  An ice beast (D:5)
  2 ogres
  A phantom (D:5)
  A lemure (D:5)
  A bullfrog (D:6)
  Blork the orc (D:5)
  A howler monkey (D:6)
  2 jellies
  3 orc priests (D:5)
  3 hounds
  Natasha (thrice) (D:3)
  3 iguanas
  2 orc wizards (D:4)
  3 gnolls (D:5)
  8 adders
  A shadow imp (D:5)
  An ufetubus (D:5)
  3 worms
  5 dart slugs
  13 orcs
  5 ball pythons
  8 endoplasms
  4 giant cockroaches
  10 hobgoblins
  19 jackals
  3 quokkas
  3 bats
  A frilled lizard (D:1)
  7 goblins
  12 kobolds
  6 rats
141 creatures vanquished.

Notes
Turn   | Place    | Note
-------+----------+-------------------------------------------
     0 | D:1      | happo123 the Kobold Enchanter began the quest for the Orb.
     0 | D:1      | Reached XP level 1. HP: 10/10 MP: 3/3
    81 | D:1      | Reached XP level 2. HP: 8/15 MP: 5/5
    85 | D:1      | Learned a level 2 spell: Ensorcelled Hibernation
   321 | D:1      | Reached XP level 3. HP: 20/20 MP: 6/6
   768 | D:1      | Found a faded altar of an unknown god.
  1009 | D:1      | You fall into a shaft and drop 1 floor!
  1145 | D:1      | Reached skill level 1 in Fighting
  1355 | D:1      | Learned a level 3 spell: Tukima's Dance
  1410 | D:2      | Reached XP level 4. HP: 24/25 MP: 7/7
  2281 | D:3      | Found a stormy altar of Qazlal.
  2499 | D:3      | Reached XP level 5. HP: 29/29 MP: 8/8
  2509 | D:3      | Learned a level 3 spell: Confusing Touch
  2527 | D:3      | Noticed Natasha
  2531 | D:3      | Killed Natasha
  2608 | D:3      | Noticed Natasha
  2612 | D:3      | Killed Natasha
  2780 | D:3      | Noticed Natasha
  2789 | D:3      | Killed Natasha
  2790 | D:3      | Reached skill level 5 in Stealth
  2790 | D:3      | Reached XP level 6. HP: 35/35 MP: 5/10
  3195 | D:4      | Learned a level 3 spell: Dazzling Flash
  4153 | D:4      | Reached XP level 7. HP: 26/40 MP: 8/11
  4282 | D:5      | Entered Level 5 of the Dungeon
  4306 | D:5      | Reached skill level 5 in Hexes
  4389 | D:5      | Noticed Edmund
  4410 | D:5      | Killed Edmund
  4607 | D:5      | Reached XP level 8. HP: 46/46 MP: 10/13
  4801 | D:5      | Noticed Prince Ribbit
  4803 | D:5      | Found a staircase to the Ecumenical Temple.
  4813 | D:5      | Killed Prince Ribbit
  4823 | Temple   | Entered the Ecumenical Temple
  5167 | Temple   | Became a worshipper of Dithmenos the Shadowed
  5261 | D:5      | Noticed Pikel
  5281 | D:5      | Reached skill level 5 in Short Blades
  5427 | D:5      | Killed Pikel
  5428 | D:5      | Reached skill level 5 in Dodging
  5428 | D:5      | Reached XP level 9. HP: 46/52 MP: 5/15
  5558 | D:5      | Found an ancient bone altar of Kikubaaqudgha.
  5558 | D:5      | Found a sacrificial altar of Ru.
  5558 | D:5      | Found an iron altar of Okawaru.
  5614 | D:5      | Found a bloodstained altar of Trog.
  5619 | D:5      | Noticed Blork the orc
  5624 | D:5      | Killed Blork the orc
  5646 | D:5      | Learned a level 4 spell: Leda's Liquefaction
  6068 | D:6      | Slain by a wight

Illustrated notes

Levels and vault maps discovered:
D:1:      dpeg_arrival_solitude, layout_loops_ring,
          shapermc_ecumenical_altar_pompeii, hangedman_glass_teeth
D:2:      layout_loops_ring, roderic_serpentine_path, minmay_cut_off
D:3:      layout_basic, grunt_qazlal_sundering, uniq_natasha
D:4:      layout_rooms
D:5:      layout_loops_ring, gammafunk_temple_overflow_claw,
          lemuel_doored_altar, minmay_temple_entry_glass, uniq_edmund,
          uniq_prince_ribbit1, uniq_pikel, uniq_blork_the_orc
D:6:      layout_basic, uniq_duvessa, uniq_crazy_yiuf_cottage, uniq_eustachio
Temple:   regret_index_temple_sphere_string

Skill      XL: |  1  2  3  4  5  6  7  8  9 |
---------------+----------------------------+-----
Short Blades   | 2 3 4 5 6 |  6.1
Fighting       | 1 2 3 4 |  4.7
Dodging        | 3 4 5 |  5.7
Hexes          | 4 5 6 7 |  7.2
Stealth        | 5 7 |  7.6
Spellcasting   | 3 4 |  4.8

Action                   |  1- 3 |  4- 6 |  7- 9 || total
-------------------------+-------+-------+-------++-------
Melee: Dagger            |    68 |    60 |       ||   128
       Short sword       |       |    59 |    74 ||   133
       Punch             |       |     2 |     1 ||     3
 Cast: Ensorcelled Hiber |     5 |    36 |    36 ||    77
       Tukima's Dance    |       |       |     1 ||     1
       Confusing Touch   |       |       |     4 ||     4
 Stab: Sleeping          |    27 |    51 |    24 ||   102
       Distracted        |       |     2 |       ||     2
       Confused          |       |       |     5 ||     5
Armor: Robe              |     9 |    15 |     4 ||    28
Dodge: Dodged            |    40 |    71 |    49 ||   160

Table legend: (Time is in decaauts)
 A = Elapsed time spent in this place.
 B = Non-inter-level travel time spent in this place.
 C = Inter-level travel time spent in this place.
 D = Time resting spent in this place.
 E = Time spent auto-exploring this place.
 F = Levels seen in this place.
 G = Mean time per level.
                   A        B        C        D        E       F      G
               +--------+--------+--------+--------+--------+-----+--------+
         Total |   6041 |   5788 |    253 |    482 |   4170 |   7 |  863.0 |
       Dungeon |   5683 |   5484 |    199 |    482 |   3882 |   6 |  947.2 |
        Temple |    357 |    303 |     54 |      0 |    288 |   1 |  357.0 |
               +--------+--------+--------+--------+--------+-----+--------+

Top non-repeatable levels by time:
     D:1: 1267 daAuts
     D:5: 1261 daAuts
     D:4: 1038 daAuts
     D:2: 1003 daAuts
     D:3: 955 daAuts
  Temple: 357 daAuts
     D:6: 156 daAuts
